 Dungeon Crawl Stone Soup version 0.29.0-4-gdea44cf6ec (webtiles) character file.

Game seed: 2340562286702388229

176 qw the Chopper (level 5, 34/34 HPs)
             Began as a Gargoyle Berserker on Sept 5, 2022.
             Was a Follower of Trog.
             Quit the game on level 4 of the Dungeon.
             The game lasted 00:07:25 (5321 turns).

qw the Chopper (Gargoyle Berserker)                 Turns: 5321, Time: 00:07:25

Health: 34/34      AC:  9    Str: 23    XL:     5   Next: 56%
Magic:  5/5        EV: 11    Int:  7    God:    Trog [*.....]
Gold:   51         SH:  5    Dex:  9    Spells: 4/4 levels left

rFire   . . .      SeeInvis .   Y - +0 hand axe
rCold   . . .      Faith    .   (no shield)
rNeg    + . .      Spirit   .   a - +0 ring mail
rPois   inf        Reflect  +   (helmet restricted)
rElec   +          Harm     .   (no cloak)
rCorr   .          Rampage  .   (no gloves)
Will    .....                   (no boots)
Stlth   ..........              g - amulet of reflection
HPRegen 0.11/turn               (no ring)
MPRegen 0.09/turn               (no ring)

@: no status effects
A: sickness immunity, AC +4, negative energy resistance 1, electricity
resistance, torment resistance 1, petrification resistance, horns 1, talons 1
a: Renounce Religion, Berserk


You were on level 4 of the Dungeon.
You worshipped Trog.
Trog was aware of your devotion.
You visited 1 branch of the dungeon, and saw 3 of its levels.
You also visited: Sewer.

You collected 51 gold pieces.


Innate Abilities, Weirdness & Mutations

You are immune to sickness and miasma.
Your stone body is resilient. (AC +4)
You are immune to poison.
You resist negative energy. (rN+)
You are resistant to electric shocks. (rElec)
You are resistant to unholy torment.
You are immune to petrification.
You have a pair of small horns on your head.
You have sharp toenails.


   Skills:
 - Level 4.3 Fighting
 + Level 5.0 Axes
 - Level 2.1 Armour
 - Level 1.5 Dodging


You had 4 spell levels left.
You didn't know any spells.
Your spell library was empty.

Inventory:

Hand Weapons
 c - a +0 mace
 Y - a +0 hand axe (weapon)
Armour
 a - a +0 ring mail (worn)
Jewellery
 g - an amulet of reflection (around neck)
Potions
 e - a potion of degeneration {unknown}
 h - a potion of curing {unknown}
 i - a potion of brilliance {unknown}
 k - a potion of ambrosia {unknown}

Dungeon Overview and Level Annotations

Branches:
Dungeon (2/15)              Sewer (visited)

Altars:
Gozag
Makhleb

Annotations:
D:1 1 runed translucent door


Message History

There are monsters nearby!
There are monsters nearby!
5313 ||| Stepping randomly (stuck).
There are monsters nearby!
There are monsters nearby!
5314 ||| Stepping randomly (stuck).
There are monsters nearby!
There are monsters nearby!
5315 ||| Stepping randomly (stuck).
The dart slug briefly extends its eye-stalks.
There are monsters nearby!
There are monsters nearby!
5316 ||| Stepping randomly (stuck).
There is a burning altar of Makhleb here.
Press < or > to pray at altars.
Press < or > to pray at altars.
Press < or > to pray at altars.
Press < or > to pray at altars.
Press < or > to pray at altars.
There are monsters nearby!
Press < or > to pray at altars.
Press < or > to pray at altars.
Press < or > to pray at altars.
There are monsters nearby!
Press < or > to pray at altars.
Press < or > to pray at altars.
Press < or > to pray at altars.
5317 ||| Stepping randomly (stuck).
There are monsters nearby!
There are monsters nearby!
5318 ||| Stepping randomly (stuck).
There are monsters nearby!
There are monsters nearby!
5319 ||| Stepping randomly (stuck).
You see here a blue potion.
There are monsters nearby!
There are monsters nearby!
5320 ||| Stepping randomly (stuck).
There are monsters nearby!
There are monsters nearby!
Are you sure you want to abandon this character and quit the game? (Confirm with "yes".)

...... ... #8..8# ...
##....##..#
#......##.# #wlB$# #.#
##########.#
+}....).}'.#
#.._!._..#.###########
#}...@..}#.##.........
#........#..#.#.###.##
##########......>##.##
............##.##
.###........##.##
+.......<##.##
#.............
######...##### #...# #


You could see an iguana, a dart slug and a giant cockroach.

Vanquished Creatures
  Blork the orc (D:4)
  A hell rat (Sewer)
  2 adders (D:2)
  2 river rats (Sewer)
  3 dart slugs
  5 bats
  4 endoplasms
  A giant cockroach (D:4)
  6 goblins
  5 hobgoblins
  3 kobolds
  A quokka (D:2)
  3 ball pythons
  4 frilled lizards
  9 rats
50 creatures vanquished.

Vanquished Creatures (others)
  A plant (D:2)
1 creature vanquished.

Grand Total: 51 creatures vanquished

Notes
Turn   | Place    | Note
-------+----------+-------------------------------------------
     0 | D:1      | qw the Gargoyle Berserker began the quest for the Orb.
     0 | D:1      | Reached XP level 1. HP: 14/14 MP: 1/1
     0 | D:1      | 0 ||| qw: Version: 0.1-a-104-g96f76f8
     0 | D:1      | 0 ||| qw: Game counter: 5921
     0 | D:1      | 0 ||| qw: Always use a shield: true
     0 | D:1      | 0 ||| qw: Do Orc after D:15 true
     0 | D:1      | 0 ||| qw: Do second Lair branch before Depths: true
     0 | D:1      | 0 ||| qw: Lair rune preference: random
     0 | D:1      | 0 ||| qw: Plans: Normal
     0 | D:1      | 0 ||| PLANNING D:1-11
     2 | D:1      | Found a runed translucent door.
   401 | D:1      | Reached skill level 3 in Axes
   498 | D:1      | Found a faded altar of an unknown god.
   596 | D:1      | Reached XP level 2. HP: 19/19 MP: 2/2
   650 | D:1      | 650 ||| Stepping ~*~*~tactically~*~*~ (hiding).
   752 | D:1      | 752 ||| Stepping ~*~*~tactically~*~*~ (hiding).
   854 | D:1      | 854 ||| Stepping ~*~*~tactically~*~*~ (hiding).
   956 | D:1      | 956 ||| Stepping ~*~*~tactically~*~*~ (hiding).
  1542 | D:1      | 1542 ||| READING scroll labelled FUPSEM HAUKELI.
  1565 | D:2      | HP: 4/19 [adder (4)]
  1566 | D:2      | 1566 ||| INVOKING Berserk.
  1569 | D:2      | Reached XP level 3. HP: 5/23 MP: 3/3
  1763 | D:2      | 1763 ||| FLEEEEING.
  1766 | D:2      | 1766 ||| FLEEEEING.
  1767 | D:2      | 1767 ||| STAIRDANCE
  1842 | D:2      | 1842 ||| Stepping ~*~*~tactically~*~*~ (water).
  2202 | D:2      | Reached skill level 4 in Axes
  2277 | D:2      | 2277 ||| Stepping ~*~*~tactically~*~*~ (stealth).
  2295 | D:2      | 2295 ||| Stepping ~*~*~tactically~*~*~ (stealth).
  2535 | D:2      | 2535 ||| Stepping ~*~*~tactically~*~*~ (hiding).
  2637 | D:2      | 2637 ||| Stepping ~*~*~tactically~*~*~ (hiding).
  2729 | D:2      | 2729 ||| Stepping ~*~*~tactically~*~*~ (stealth).
  2746 | D:2      | 2746 ||| FLEEEEING.
  2747 | D:2      | 2747 ||| FLEEEEING.
  2748 | D:2      | 2748 ||| FLEEEEING.
  2749 | D:2      | 2749 ||| FLEEEEING.
  2750 | D:2      | 2750 ||| FLEEEEING.
  2751 | D:2      | 2751 ||| FLEEEEING.
  2752 | D:2      | 2752 ||| FLEEEEING.
  2753 | D:2      | 2753 ||| FLEEEEING.
  2754 | D:2      | 2754 ||| FLEEEEING.
  2755 | D:2      | 2755 ||| FLEEEEING.
  2756 | D:2      | 2756 ||| FLEEEEING.
  2757 | D:2      | 2757 ||| FLEEEEING.
  2758 | D:2      | 2758 ||| FLEEEEING.
  2759 | D:2      | 2759 ||| FLEEEEING.
  2760 | D:2      | 2760 ||| FLEEEEING.
  2761 | D:2      | 2761 ||| FLEEEEING.
  2762 | D:2      | 2762 ||| FLEEEEING.
  2763 | D:2      | 2763 ||| FLEEEEING.
  2764 | D:2      | 2764 ||| FLEEEEING.
  2765 | D:2      | 2765 ||| FLEEEEING.
  2766 | D:2      | 2766 ||| FLEEEEING.
  2767 | D:2      | 2767 ||| FLEEEEING.
  2768 | D:2      | 2768 ||| FLEEEEING.
  2769 | D:2      | 2769 ||| FLEEEEING.
  2770 | D:2      | 2770 ||| FLEEEEING.
  2771 | D:2      | 2771 ||| FLEEEEING.
  2772 | D:2      | 2772 ||| FLEEEEING.
  2773 | D:2      | 2773 ||| FLEEEEING.
  2774 | D:2      | 2774 ||| FLEEEEING.
  2775 | D:2      | 2775 ||| FLEEEEING.
  2776 | D:2      | 2776 ||| FLEEEEING.
  2844 | D:2      | 2844 ||| Stepping ~*~*~tactically~*~*~ (hiding).
  2946 | D:2      | 2946 ||| Stepping ~*~*~tactically~*~*~ (hiding).
  3033 | D:2      | 3033 ||| Stepping ~*~*~tactically~*~*~ (stealth).
  3034 | D:2      | 3034 ||| Stepping ~*~*~tactically~*~*~ (stealth).
  3038 | D:2      | 3038 ||| Stepping ~*~*~tactically~*~*~ (stealth).
  3039 | D:2      | 3039 ||| Stepping ~*~*~tactically~*~*~ (stealth).
  3054 | D:2      | Reached XP level 4. HP: 20/28 MP: 4/4
  3089 | D:2      | 3089 ||| FLEEEEING.
  3090 | D:2      | 3090 ||| FLEEEEING.
  3091 | D:2      | 3091 ||| FLEEEEING.
  3092 | D:2      | 3092 ||| FLEEEEING.
  3093 | D:2      | 3093 ||| FLEEEEING.
  3094 | D:2      | 3094 ||| FLEEEEING.
  3095 | D:2      | 3095 ||| FLEEEEING.
  3096 | D:2      | 3096 ||| FLEEEEING.
  3097 | D:2      | 3097 ||| FLEEEEING.
  3100 | D:2      | 3100 ||| FLEEEEING.
  3101 | D:2      | 3101 ||| FLEEEEING.
  3102 | D:2      | 3102 ||| FLEEEEING.
  3104 | D:2      | 3104 ||| STAIRDANCE
  3140 | D:1      | 3140 ||| UPGRADING to +0 ring mail.
  3150 | D:1      | 3150 ||| DROPPING +0 animal skin.
  3155 | D:2      | 3155 ||| STAIRDANCE
  3338 | D:2      | 3338 ||| Stepping ~*~*~tactically~*~*~ (stealth).
  3339 | D:2      | 3339 ||| Stepping ~*~*~tactically~*~*~ (stealth).
  3340 | D:2      | 3340 ||| Stepping ~*~*~tactically~*~*~ (stealth).
  3341 | D:2      | 3341 ||| Stepping ~*~*~tactically~*~*~ (stealth).
  3467 | D:2      | You fall into a shaft and drop 2 floors!
  3467 | D:4      | Found a glowing drain.
  3468 | D:4      | 3468 ||| PLANNING SEWER
  3468 | D:4      | 3468 ||| UPGRADING to amulet of reflection.
  3473 | D:4      | 3473 ||| READING scroll labelled REGAD FOCECK.
  3476 | Sewer    | Entered a sewer
  3482 | Sewer    | Reached ** piety under Trog
  3528 | Sewer    | 3528 ||| INVOKING Berserk.
  3693 | Sewer    | 3693 ||| INVOKING Berserk.
  3695 | Sewer    | Reached skill level 5 in Axes
  3796 | Sewer    | 3796 ||| Stepping ~*~*~tactically~*~*~ (stealth).
  3897 | Sewer    | 3897 ||| READING scroll labelled MOEKHOESUA.
  3898 | Sewer    | 3898 ||| READING scroll labelled JUPE ZAUWOVUFEM.
  3899 | Sewer    | 3899 ||| DRINKING 2 purple potions.
  3899 | Sewer    | Gained mutation: You have sharp toenails. [potion of
                  | mutation]
  3899 | Sewer    | Gained mutation: You are clumsy. (Dex -2) [potion of
                  | mutation]
  3899 | Sewer    | Gained mutation: You are frail. (-10% HP) [potion of
                  | mutation]
  3900 | Sewer    | 3900 ||| DRINKING potion of mutation.
  3900 | Sewer    | Lost mutation: You are frail. (-10% HP) [potion of
                  | mutation]
  3900 | Sewer    | Lost mutation: You are clumsy. (Dex -2) [potion of
                  | mutation]
  3900 | Sewer    | Gained mutation: You have a pair of small horns on your
                  | head. [potion of mutation]
  3930 | Sewer    | 3930 ||| DRINKING 2 fizzy black potions.
  3931 | Sewer    | 3931 ||| DROPPING potion of magic.
  3943 | D:4      | 3943 ||| PLANNING D:1-11
  3945 | D:4      | Noticed Blork the orc
  3949 | D:4      | 3949 ||| Stepping ~*~*~tactically~*~*~ (hiding).
  3952 | D:4      | 3952 ||| INVOKING Berserk.
  3956 | D:4      | Killed Blork the orc
  3957 | D:4      | Reached XP level 5. HP: 34/34 MP: 5/5
  4087 | D:4      | Found an opulent altar of Gozag.
  4087 | D:4      | Found a burning altar of Makhleb.
  4092 | D:4      | 4092 ||| Stepping randomly (stuck).
  4096 | D:4      | 4096 ||| Stepping randomly (stuck).
  4097 | D:4      | 4097 ||| Stepping randomly (stuck).
  4098 | D:4      | 4098 ||| Stepping randomly (stuck).
  4105 | D:4      | 4105 ||| Stepping randomly (stuck).
  4106 | D:4      | 4106 ||| Stepping randomly (stuck).
  4107 | D:4      | 4107 ||| Stepping randomly (stuck).
  4108 | D:4      | 4108 ||| Stepping randomly (stuck).
  4109 | D:4      | 4109 ||| Stepping randomly (stuck).
  4112 | D:4      | 4112 ||| Stepping randomly (stuck).
  4114 | D:4      | 4114 ||| Stepping randomly (stuck).
  4115 | D:4      | 4115 ||| Stepping randomly (stuck).
  4116 | D:4      | 4116 ||| Stepping randomly (stuck).
  4117 | D:4      | 4117 ||| Stepping randomly (stuck).
  4118 | D:4      | 4118 ||| Stepping randomly (stuck).
  4119 | D:4      | 4119 ||| Stepping randomly (stuck).
  4120 | D:4      | 4120 ||| Stepping randomly (stuck).
  4121 | D:4      | 4121 ||| Stepping randomly (stuck).
  4122 | D:4      | 4122 ||| Stepping randomly (stuck).
  4125 | D:4      | 4125 ||| Stepping randomly (stuck).
  4126 | D:4      | 4126 ||| Stepping randomly (stuck).
  4128 | D:4      | 4128 ||| Stepping randomly (stuck).
  4129 | D:4      | 4129 ||| Stepping randomly (stuck).
  4130 | D:4      | 4130 ||| Stepping randomly (stuck).
  4131 | D:4      | 4131 ||| Stepping randomly (stuck).
  4132 | D:4      | 4132 ||| Stepping randomly (stuck).
  4133 | D:4      | 4133 ||| Stepping randomly (stuck).
  4135 | D:4      | 4135 ||| Stepping randomly (stuck).
  4136 | D:4      | 4136 ||| Stepping randomly (stuck).
  4137 | D:4      | 4137 ||| Stepping randomly (stuck).
  4138 | D:4      | 4138 ||| Stepping randomly (stuck).
  4139 | D:4      | 4139 ||| Stepping randomly (stuck).
  4140 | D:4      | 4140 ||| Stepping randomly (stuck).
  4141 | D:4      | 4141 ||| Stepping randomly (stuck).
  4142 | D:4      | 4142 ||| Stepping randomly (stuck).
  4144 | D:4      | 4144 ||| Stepping randomly (stuck).
  4145 | D:4      | 4145 ||| Stepping randomly (stuck).
  4146 | D:4      | 4146 ||| Stepping randomly (stuck).
  4149 | D:4      | 4149 ||| Stepping randomly (stuck).
  4151 | D:4      | 4151 ||| Stepping randomly (stuck).
  4152 | D:4      | 4152 ||| Stepping randomly (stuck).
  4154 | D:4      | 4154 ||| Stepping randomly (stuck).
  4155 | D:4      | 4155 ||| Stepping randomly (stuck).
  4158 | D:4      | 4158 ||| Stepping randomly (stuck).
  4159 | D:4      | 4159 ||| Stepping randomly (stuck).
  4160 | D:4      | 4160 ||| Stepping randomly (stuck).
  4161 | D:4      | 4161 ||| Stepping randomly (stuck).
  4162 | D:4      | 4162 ||| Stepping randomly (stuck).
  4164 | D:4      | 4164 ||| Stepping randomly (stuck).
  4165 | D:4      | 4165 ||| Stepping randomly (stuck).
  4166 | D:4      | 4166 ||| Stepping randomly (stuck).
  4168 | D:4      | 4168 ||| Stepping randomly (stuck).
  4169 | D:4      | 4169 ||| Stepping randomly (stuck).
  4170 | D:4      | 4170 ||| Stepping randomly (stuck).
  4172 | D:4      | 4172 ||| Stepping randomly (stuck).
  4173 | D:4      | 4173 ||| Stepping randomly (stuck).
  4174 | D:4      | 4174 ||| Stepping randomly (stuck).
  4175 | D:4      | 4175 ||| Stepping randomly (stuck).
  4176 | D:4      | 4176 ||| Stepping randomly (stuck).
  4178 | D:4      | 4178 ||| Stepping randomly (stuck).
  4179 | D:4      | 4179 ||| Stepping randomly (stuck).
  4182 | D:4      | 4182 ||| Stepping randomly (stuck).
  4183 | D:4      | 4183 ||| Stepping randomly (stuck).
  4184 | D:4      | 4184 ||| Stepping randomly (stuck).
  4185 | D:4      | 4185 ||| Stepping randomly (stuck).
  4186 | D:4      | 4186 ||| Stepping randomly (stuck).
  4187 | D:4      | 4187 ||| Stepping randomly (stuck).
  4188 | D:4      | 4188 ||| Stepping randomly (stuck).
  4189 | D:4      | 4189 ||| Stepping randomly (stuck).
  4191 | D:4      | 4191 ||| Stepping randomly (stuck).
  4192 | D:4      | 4192 ||| Stepping randomly (stuck).
  4193 | D:4      | 4193 ||| Stepping randomly (stuck).
  4195 | D:4      | 4195 ||| Stepping randomly (stuck).
  4196 | D:4      | 4196 ||| Stepping randomly (stuck).
  4197 | D:4      | 4197 ||| Stepping randomly (stuck).
  4198 | D:4      | 4198 ||| Stepping randomly (stuck).
  4199 | D:4      | 4199 ||| Stepping randomly (stuck).
  4200 | D:4      | 4200 ||| Stepping randomly (stuck).
  4202 | D:4      | 4202 ||| Stepping randomly (stuck).
  4204 | D:4      | 4204 ||| Stepping randomly (stuck).
  4205 | D:4      | 4205 ||| Stepping randomly (stuck).
  4206 | D:4      | 4206 ||| Stepping randomly (stuck).
  4208 | D:4      | 4208 ||| Stepping randomly (stuck).
  4209 | D:4      | 4209 ||| Stepping randomly (stuck).
  4210 | D:4      | 4210 ||| Stepping randomly (stuck).
  4211 | D:4      | 4211 ||| Stepping randomly (stuck).
  4212 | D:4      | 4212 ||| Stepping randomly (stuck).
  4213 | D:4      | 4213 ||| Stepping randomly (stuck).
  4214 | D:4      | 4214 ||| Stepping randomly (stuck).
  4215 | D:4      | 4215 ||| Stepping randomly (stuck).
  4217 | D:4      | 4217 ||| Stepping randomly (stuck).
  4218 | D:4      | 4218 ||| Stepping randomly (stuck).
  4219 | D:4      | 4219 ||| Stepping randomly (stuck).
  4220 | D:4      | 4220 ||| Stepping randomly (stuck).
  4222 | D:4      | 4222 ||| Stepping randomly (stuck).
  4223 | D:4      | 4223 ||| Stepping randomly (stuck).
  4224 | D:4      | 4224 ||| Stepping randomly (stuck).
  4225 | D:4      | 4225 ||| Stepping randomly (stuck).
  4227 | D:4      | 4227 ||| Stepping randomly (stuck).
  4228 | D:4      | 4228 ||| Stepping randomly (stuck).
  4229 | D:4      | 4229 ||| Stepping randomly (stuck).
  4232 | D:4      | 4232 ||| Stepping randomly (stuck).
  4234 | D:4      | 4234 ||| Stepping randomly (stuck).
  4235 | D:4      | 4235 ||| Stepping randomly (stuck).
  4236 | D:4      | 4236 ||| Stepping randomly (stuck).
  4238 | D:4      | 4238 ||| Stepping randomly (stuck).
  4239 | D:4      | 4239 ||| Stepping randomly (stuck).
  4240 | D:4      | 4240 ||| Stepping randomly (stuck).
  4241 | D:4      | 4241 ||| Stepping randomly (stuck).
  4242 | D:4      | 4242 ||| Stepping randomly (stuck).
  4244 | D:4      | 4244 ||| Stepping randomly (stuck).
  4245 | D:4      | 4245 ||| Stepping randomly (stuck).
  4246 | D:4      | 4246 ||| Stepping randomly (stuck).
  4247 | D:4      | 4247 ||| Stepping randomly (stuck).
  4248 | D:4      | 4248 ||| Stepping randomly (stuck).
  4249 | D:4      | 4249 ||| Stepping randomly (stuck).
  4251 | D:4      | 4251 ||| Stepping randomly (stuck).
  4252 | D:4      | 4252 ||| Stepping randomly (stuck).
  4253 | D:4      | 4253 ||| Stepping randomly (stuck).
  4254 | D:4      | 4254 ||| Stepping randomly (stuck).
  4255 | D:4      | 4255 ||| Stepping randomly (stuck).
  4256 | D:4      | 4256 ||| Stepping randomly (stuck).
  4257 | D:4      | 4257 ||| Stepping randomly (stuck).
  4259 | D:4      | 4259 ||| Stepping randomly (stuck).
  4260 | D:4      | 4260 ||| Stepping randomly (stuck).
  4261 | D:4      | 4261 ||| Stepping randomly (stuck).
  4262 | D:4      | 4262 ||| Stepping randomly (stuck).
  4263 | D:4      | 4263 ||| Stepping randomly (stuck).
  4265 | D:4      | 4265 ||| Stepping randomly (stuck).
  4267 | D:4      | 4267 ||| Stepping randomly (stuck).
  4268 | D:4      | 4268 ||| Stepping randomly (stuck).
  4269 | D:4      | 4269 ||| Stepping randomly (stuck).
  4270 | D:4      | 4270 ||| Stepping randomly (stuck).
  4271 | D:4      | 4271 ||| Stepping randomly (stuck).
  4272 | D:4      | 4272 ||| Stepping randomly (stuck).
  4273 | D:4      | 4273 ||| Stepping randomly (stuck).
  4274 | D:4      | 4274 ||| Stepping randomly (stuck).
  4275 | D:4      | 4275 ||| Stepping randomly (stuck).
  4277 | D:4      | 4277 ||| Stepping randomly (stuck).
  4278 | D:4      | 4278 ||| Stepping randomly (stuck).
  4279 | D:4      | 4279 ||| Stepping randomly (stuck).
  4280 | D:4      | 4280 ||| Stepping randomly (stuck).
  4282 | D:4      | 4282 ||| Stepping randomly (stuck).
  4283 | D:4      | 4283 ||| Stepping randomly (stuck).
  4285 | D:4      | 4285 ||| Stepping randomly (stuck).
  4286 | D:4      | 4286 ||| Stepping randomly (stuck).
  4287 | D:4      | 4287 ||| Stepping randomly (stuck).
  4288 | D:4      | 4288 ||| Stepping randomly (stuck).
  4289 | D:4      | 4289 ||| Stepping randomly (stuck).
  4290 | D:4      | 4290 ||| Stepping randomly (stuck).
  4291 | D:4      | 4291 ||| Stepping randomly (stuck).
  4292 | D:4      | 4292 ||| Stepping randomly (stuck).
  4295 | D:4      | 4295 ||| Stepping randomly (stuck).
  4297 | D:4      | 4297 ||| Stepping randomly (stuck).
  4299 | D:4      | 4299 ||| Stepping randomly (stuck).
  4300 | D:4      | 4300 ||| Stepping randomly (stuck).
  4301 | D:4      | 4301 ||| Stepping randomly (stuck).
  4302 | D:4      | 4302 ||| Stepping randomly (stuck).
  4303 | D:4      | 4303 ||| Stepping randomly (stuck).
  4304 | D:4      | 4304 ||| Stepping randomly (stuck).
  4305 | D:4      | 4305 ||| Stepping randomly (stuck).
  4306 | D:4      | 4306 ||| Stepping randomly (stuck).
  4307 | D:4      | 4307 ||| Stepping randomly (stuck).
  4309 | D:4      | 4309 ||| Stepping randomly (stuck).
  4311 | D:4      | 4311 ||| Stepping randomly (stuck).
  4312 | D:4      | 4312 ||| Stepping randomly (stuck).
  4313 | D:4      | 4313 ||| Stepping randomly (stuck).
  4314 | D:4      | 4314 ||| Stepping randomly (stuck).
  4315 | D:4      | 4315 ||| Stepping randomly (stuck).
  4318 | D:4      | 4318 ||| Stepping randomly (stuck).
  4319 | D:4      | 4319 ||| Stepping randomly (stuck).
  4322 | D:4      | 4322 ||| Stepping randomly (stuck).
  4324 | D:4      | 4324 ||| Stepping randomly (stuck).
  4325 | D:4      | 4325 ||| Stepping randomly (stuck).
  4326 | D:4      | 4326 ||| Stepping randomly (stuck).
  4327 | D:4      | 4327 ||| Stepping randomly (stuck).
  4328 | D:4      | 4328 ||| Stepping randomly (stuck).
  4329 | D:4      | 4329 ||| Stepping randomly (stuck).
  4331 | D:4      | 4331 ||| Stepping randomly (stuck).
  4332 | D:4      | 4332 ||| Stepping randomly (stuck).
  4333 | D:4      | 4333 ||| Stepping randomly (stuck).
  4335 | D:4      | 4335 ||| Stepping randomly (stuck).
  4336 | D:4      | 4336 ||| Stepping randomly (stuck).
  4337 | D:4      | 4337 ||| Stepping randomly (stuck).
  4340 | D:4      | 4340 ||| Stepping randomly (stuck).
  4341 | D:4      | 4341 ||| Stepping randomly (stuck).
  4342 | D:4      | 4342 ||| Stepping randomly (stuck).
  4345 | D:4      | 4345 ||| Stepping randomly (stuck).
  4347 | D:4      | 4347 ||| Stepping randomly (stuck).
  4349 | D:4      | 4349 ||| Stepping randomly (stuck).
  4351 | D:4      | 4351 ||| Stepping randomly (stuck).
  4352 | D:4      | 4352 ||| Stepping randomly (stuck).
  4353 | D:4      | 4353 ||| Stepping randomly (stuck).
  4355 | D:4      | 4355 ||| Stepping randomly (stuck).
  4356 | D:4      | 4356 ||| Stepping randomly (stuck).
  4357 | D:4      | 4357 ||| Stepping randomly (stuck).
  4359 | D:4      | 4359 ||| Stepping randomly (stuck).
  4360 | D:4      | 4360 ||| Stepping randomly (stuck).
  4361 | D:4      | 4361 ||| Stepping randomly (stuck).
  4362 | D:4      | 4362 ||| Stepping randomly (stuck).
  4365 | D:4      | 4365 ||| Stepping randomly (stuck).
  4366 | D:4      | 4366 ||| Stepping randomly (stuck).
  4367 | D:4      | 4367 ||| Stepping randomly (stuck).
  4368 | D:4      | 4368 ||| Stepping randomly (stuck).
  4369 | D:4      | 4369 ||| Stepping randomly (stuck).
  4370 | D:4      | 4370 ||| Stepping randomly (stuck).
  4371 | D:4      | 4371 ||| Stepping randomly (stuck).
  4372 | D:4      | 4372 ||| Stepping randomly (stuck).
  4373 | D:4      | 4373 ||| Stepping randomly (stuck).
  4374 | D:4      | 4374 ||| Stepping randomly (stuck).
  4375 | D:4      | 4375 ||| Stepping randomly (stuck).
  4376 | D:4      | 4376 ||| Stepping randomly (stuck).
  4377 | D:4      | 4377 ||| Stepping randomly (stuck).
  4379 | D:4      | 4379 ||| Stepping randomly (stuck).
  4381 | D:4      | 4381 ||| Stepping randomly (stuck).
  4382 | D:4      | 4382 ||| Stepping randomly (stuck).
  4383 | D:4      | 4383 ||| Stepping randomly (stuck).
  4386 | D:4      | 4386 ||| Stepping randomly (stuck).
  4387 | D:4      | 4387 ||| Stepping randomly (stuck).
  4389 | D:4      | 4389 ||| Stepping randomly (stuck).
  4390 | D:4      | 4390 ||| Stepping randomly (stuck).
  4391 | D:4      | 4391 ||| Stepping randomly (stuck).
  4392 | D:4      | 4392 ||| Stepping randomly (stuck).
  4393 | D:4      | 4393 ||| Stepping randomly (stuck).
  4396 | D:4      | 4396 ||| Stepping randomly (stuck).
  4397 | D:4      | 4397 ||| Stepping randomly (stuck).
  4398 | D:4      | 4398 ||| Stepping randomly (stuck).
  4399 | D:4      | 4399 ||| Stepping randomly (stuck).
  4400 | D:4      | 4400 ||| Stepping randomly (stuck).
  4403 | D:4      | 4403 ||| Stepping randomly (stuck).
  4405 | D:4      | 4405 ||| Stepping randomly (stuck).
  4406 | D:4      | 4406 ||| Stepping randomly (stuck).
  4408 | D:4      | 4408 ||| Stepping randomly (stuck).
  4409 | D:4      | 4409 ||| Stepping randomly (stuck).
  4410 | D:4      | 4410 ||| Stepping randomly (stuck).
  4411 | D:4      | 4411 ||| Stepping randomly (stuck).
  4412 | D:4      | 4412 ||| Stepping randomly (stuck).
  4413 | D:4      | 4413 ||| Stepping randomly (stuck).
  4414 | D:4      | 4414 ||| Stepping randomly (stuck).
  4415 | D:4      | 4415 ||| Stepping randomly (stuck).
  4416 | D:4      | 4416 ||| Stepping randomly (stuck).
  4418 | D:4      | 4418 ||| Stepping randomly (stuck).
  4419 | D:4      | 4419 ||| Stepping randomly (stuck).
  4420 | D:4      | 4420 ||| Stepping randomly (stuck).
  4421 | D:4      | 4421 ||| Stepping randomly (stuck).
  4422 | D:4      | 4422 ||| Stepping randomly (stuck).
  4425 | D:4      | 4425 ||| Stepping randomly (stuck).
  4426 | D:4      | 4426 ||| Stepping randomly (stuck).
  4427 | D:4      | 4427 ||| Stepping randomly (stuck).
  4429 | D:4      | 4429 ||| Stepping randomly (stuck).
  4431 | D:4      | 4431 ||| Stepping randomly (stuck).
  4432 | D:4      | 4432 ||| Stepping randomly (stuck).
  4433 | D:4      | 4433 ||| Stepping randomly (stuck).
  4436 | D:4      | 4436 ||| Stepping randomly (stuck).
  4437 | D:4      | 4437 ||| Stepping randomly (stuck).
  4439 | D:4      | 4439 ||| Stepping randomly (stuck).
  4440 | D:4      | 4440 ||| Stepping randomly (stuck).
  4441 | D:4      | 4441 ||| Stepping randomly (stuck).
  4442 | D:4      | 4442 ||| Stepping randomly (stuck).
  4443 | D:4      | 4443 ||| Stepping randomly (stuck).
  4444 | D:4      | 4444 ||| Stepping randomly (stuck).
  4445 | D:4      | 4445 ||| Stepping randomly (stuck).
  4446 | D:4      | 4446 ||| Stepping randomly (stuck).
  4448 | D:4      | 4448 ||| Stepping randomly (stuck).
  4449 | D:4      | 4449 ||| Stepping randomly (stuck).
  4450 | D:4      | 4450 ||| Stepping randomly (stuck).
  4452 | D:4      | 4452 ||| Stepping randomly (stuck).
  4453 | D:4      | 4453 ||| Stepping randomly (stuck).
  4454 | D:4      | 4454 ||| Stepping randomly (stuck).
  4455 | D:4      | 4455 ||| Stepping randomly (stuck).
  4456 | D:4      | 4456 ||| Stepping randomly (stuck).
  4457 | D:4      | 4457 ||| Stepping randomly (stuck).
  4459 | D:4      | 4459 ||| Stepping randomly (stuck).
  4461 | D:4      | 4461 ||| Stepping randomly (stuck).
  4462 | D:4      | 4462 ||| Stepping randomly (stuck).
  4463 | D:4      | 4463 ||| Stepping randomly (stuck).
  4465 | D:4      | 4465 ||| Stepping randomly (stuck).
  4466 | D:4      | 4466 ||| Stepping randomly (stuck).
  4467 | D:4      | 4467 ||| Stepping randomly (stuck).
  4469 | D:4      | 4469 ||| Stepping randomly (stuck).
  4470 | D:4      | 4470 ||| Stepping randomly (stuck).
  4471 | D:4      | 4471 ||| Stepping randomly (stuck).
  4472 | D:4      | 4472 ||| Stepping randomly (stuck).
  4473 | D:4      | 4473 ||| Stepping randomly (stuck).
  4475 | D:4      | 4475 ||| Stepping randomly (stuck).
  4476 | D:4      | 4476 ||| Stepping randomly (stuck).
  4478 | D:4      | 4478 ||| Stepping randomly (stuck).
  4479 | D:4      | 4479 ||| Stepping randomly (stuck).
  4480 | D:4      | 4480 ||| Stepping randomly (stuck).
  4481 | D:4      | 4481 ||| Stepping randomly (stuck).
  4482 | D:4      | 4482 ||| Stepping randomly (stuck).
  4483 | D:4      | 4483 ||| Stepping randomly (stuck).
  4484 | D:4      | 4484 ||| Stepping randomly (stuck).
  4485 | D:4      | 4485 ||| Stepping randomly (stuck).
  4486 | D:4      | 4486 ||| Stepping randomly (stuck).
  4488 | D:4      | 4488 ||| Stepping randomly (stuck).
  4489 | D:4      | 4489 ||| Stepping randomly (stuck).
  4490 | D:4      | 4490 ||| Stepping randomly (stuck).
  4491 | D:4      | 4491 ||| Stepping randomly (stuck).
  4492 | D:4      | 4492 ||| Stepping randomly (stuck).
  4493 | D:4      | 4493 ||| Stepping randomly (stuck).
  4494 | D:4      | 4494 ||| Stepping randomly (stuck).
  4495 | D:4      | 4495 ||| Stepping randomly (stuck).
  4498 | D:4      | 4498 ||| Stepping randomly (stuck).
  4499 | D:4      | 4499 ||| Stepping randomly (stuck).
  4500 | D:4      | 4500 ||| Stepping randomly (stuck).
  4503 | D:4      | 4503 ||| Stepping randomly (stuck).
  4505 | D:4      | 4505 ||| Stepping randomly (stuck).
  4506 | D:4      | 4506 ||| Stepping randomly (stuck).
  4507 | D:4      | 4507 ||| Stepping randomly (stuck).
  4508 | D:4      | 4508 ||| Stepping randomly (stuck).
  4509 | D:4      | 4509 ||| Stepping randomly (stuck).
  4510 | D:4      | 4510 ||| Stepping randomly (stuck).
  4511 | D:4      | 4511 ||| Stepping randomly (stuck).
  4512 | D:4      | 4512 ||| Stepping randomly (stuck).
  4513 | D:4      | 4513 ||| Stepping randomly (stuck).
  4514 | D:4      | 4514 ||| Stepping randomly (stuck).
  4515 | D:4      | 4515 ||| Stepping randomly (stuck).
  4518 | D:4      | 4518 ||| Stepping randomly (stuck).
  4519 | D:4      | 4519 ||| Stepping randomly (stuck).
  4521 | D:4      | 4521 ||| Stepping randomly (stuck).
  4522 | D:4      | 4522 ||| Stepping randomly (stuck).
  4524 | D:4      | 4524 ||| Stepping randomly (stuck).
  4525 | D:4      | 4525 ||| Stepping randomly (stuck).
  4526 | D:4      | 4526 ||| Stepping randomly (stuck).
  4528 | D:4      | 4528 ||| Stepping randomly (stuck).
  4529 | D:4      | 4529 ||| Stepping randomly (stuck).
  4530 | D:4      | 4530 ||| Stepping randomly (stuck).
  4533 | D:4      | 4533 ||| Stepping randomly (stuck).
  4534 | D:4      | 4534 ||| Stepping randomly (stuck).
  4535 | D:4      | 4535 ||| Stepping randomly (stuck).
  4538 | D:4      | 4538 ||| Stepping randomly (stuck).
  4539 | D:4      | 4539 ||| Stepping randomly (stuck).
  4540 | D:4      | 4540 ||| Stepping randomly (stuck).
  4542 | D:4      | 4542 ||| Stepping randomly (stuck).
  4543 | D:4      | 4543 ||| Stepping randomly (stuck).
  4544 | D:4      | 4544 ||| Stepping randomly (stuck).
  4545 | D:4      | 4545 ||| Stepping randomly (stuck).
  4547 | D:4      | 4547 ||| Stepping randomly (stuck).
  4548 | D:4      | 4548 ||| Stepping randomly (stuck).
  4549 | D:4      | 4549 ||| Stepping randomly (stuck).
  4550 | D:4      | 4550 ||| Stepping randomly (stuck).
  4552 | D:4      | 4552 ||| Stepping randomly (stuck).
  4553 | D:4      | 4553 ||| Stepping randomly (stuck).
  4554 | D:4      | 4554 ||| Stepping randomly (stuck).
  4555 | D:4      | 4555 ||| Stepping randomly (stuck).
  4556 | D:4      | 4556 ||| Stepping randomly (stuck).
  4557 | D:4      | 4557 ||| Stepping randomly (stuck).
  4558 | D:4      | 4558 ||| Stepping randomly (stuck).
  4559 | D:4      | 4559 ||| Stepping randomly (stuck).
  4560 | D:4      | 4560 ||| Stepping randomly (stuck).
  4561 | D:4      | 4561 ||| Stepping randomly (stuck).
  4562 | D:4      | 4562 ||| Stepping randomly (stuck).
  4563 | D:4      | 4563 ||| Stepping randomly (stuck).
  4565 | D:4      | 4565 ||| Stepping randomly (stuck).
  4566 | D:4      | 4566 ||| Stepping randomly (stuck).
  4567 | D:4      | 4567 ||| Stepping randomly (stuck).
  4568 | D:4      | 4568 ||| Stepping randomly (stuck).
  4569 | D:4      | 4569 ||| Stepping randomly (stuck).
  4571 | D:4      | 4571 ||| Stepping randomly (stuck).
  4572 | D:4      | 4572 ||| Stepping randomly (stuck).
  4573 | D:4      | 4573 ||| Stepping randomly (stuck).
  4575 | D:4      | 4575 ||| Stepping randomly (stuck).
  4576 | D:4      | 4576 ||| Stepping randomly (stuck).
  4577 | D:4      | 4577 ||| Stepping randomly (stuck).
  4578 | D:4      | 4578 ||| Stepping randomly (stuck).
  4579 | D:4      | 4579 ||| Stepping randomly (stuck).
  4580 | D:4      | 4580 ||| Stepping randomly (stuck).
  4582 | D:4      | 4582 ||| Stepping randomly (stuck).
  4583 | D:4      | 4583 ||| Stepping randomly (stuck).
  4584 | D:4      | 4584 ||| Stepping randomly (stuck).
  4585 | D:4      | 4585 ||| Stepping randomly (stuck).
  4586 | D:4      | 4586 ||| Stepping randomly (stuck).
  4587 | D:4      | 4587 ||| Stepping randomly (stuck).
  4588 | D:4      | 4588 ||| Stepping randomly (stuck).
  4589 | D:4      | 4589 ||| Stepping randomly (stuck).
  4590 | D:4      | 4590 ||| Stepping randomly (stuck).
  4593 | D:4      | 4593 ||| Stepping randomly (stuck).
  4595 | D:4      | 4595 ||| Stepping randomly (stuck).
  4596 | D:4      | 4596 ||| Stepping randomly (stuck).
  4597 | D:4      | 4597 ||| Stepping randomly (stuck).
  4599 | D:4      | 4599 ||| Stepping randomly (stuck).
  4600 | D:4      | 4600 ||| Stepping randomly (stuck).
  4601 | D:4      | 4601 ||| Stepping randomly (stuck).
  4604 | D:4      | 4604 ||| Stepping randomly (stuck).
  4605 | D:4      | 4605 ||| Stepping randomly (stuck).
  4606 | D:4      | 4606 ||| Stepping randomly (stuck).
  4607 | D:4      | 4607 ||| Stepping randomly (stuck).
  4609 | D:4      | 4609 ||| Stepping randomly (stuck).
  4611 | D:4      | 4611 ||| Stepping randomly (stuck).
  4612 | D:4      | 4612 ||| Stepping randomly (stuck).
  4614 | D:4      | 4614 ||| Stepping randomly (stuck).
  4615 | D:4      | 4615 ||| Stepping randomly (stuck).
  4618 | D:4      | 4618 ||| Stepping randomly (stuck).
  4619 | D:4      | 4619 ||| Stepping randomly (stuck).
  4620 | D:4      | 4620 ||| Stepping randomly (stuck).
  4621 | D:4      | 4621 ||| Stepping randomly (stuck).
  4622 | D:4      | 4622 ||| Stepping randomly (stuck).
  4623 | D:4      | 4623 ||| Stepping randomly (stuck).
  4624 | D:4      | 4624 ||| Stepping randomly (stuck).
  4625 | D:4      | 4625 ||| Stepping randomly (stuck).
  4627 | D:4      | 4627 ||| Stepping randomly (stuck).
  4629 | D:4      | 4629 ||| Stepping randomly (stuck).
  4630 | D:4      | 4630 ||| Stepping randomly (stuck).
  4632 | D:4      | 4632 ||| Stepping randomly (stuck).
  4634 | D:4      | 4634 ||| Stepping randomly (stuck).
  4635 | D:4      | 4635 ||| Stepping randomly (stuck).
  4636 | D:4      | 4636 ||| Stepping randomly (stuck).
  4637 | D:4      | 4637 ||| Stepping randomly (stuck).
  4638 | D:4      | 4638 ||| Stepping randomly (stuck).
  4639 | D:4      | 4639 ||| Stepping randomly (stuck).
  4640 | D:4      | 4640 ||| Stepping randomly (stuck).
  4641 | D:4      | 4641 ||| Stepping randomly (stuck).
  4642 | D:4      | 4642 ||| Stepping randomly (stuck).
  4645 | D:4      | 4645 ||| Stepping randomly (stuck).
  4646 | D:4      | 4646 ||| Stepping randomly (stuck).
  4647 | D:4      | 4647 ||| Stepping randomly (stuck).
  4649 | D:4      | 4649 ||| Stepping randomly (stuck).
  4651 | D:4      | 4651 ||| Stepping randomly (stuck).
  4652 | D:4      | 4652 ||| Stepping randomly (stuck).
  4653 | D:4      | 4653 ||| Stepping randomly (stuck).
  4655 | D:4      | 4655 ||| Stepping randomly (stuck).
  4657 | D:4      | 4657 ||| Stepping randomly (stuck).
  4658 | D:4      | 4658 ||| Stepping randomly (stuck).
  4659 | D:4      | 4659 ||| Stepping randomly (stuck).
  4660 | D:4      | 4660 ||| Stepping randomly (stuck).
  4662 | D:4      | 4662 ||| Stepping randomly (stuck).
  4663 | D:4      | 4663 ||| Stepping randomly (stuck).
  4664 | D:4      | 4664 ||| Stepping randomly (stuck).
  4665 | D:4      | 4665 ||| Stepping randomly (stuck).
  4667 | D:4      | 4667 ||| Stepping randomly (stuck).
  4668 | D:4      | 4668 ||| Stepping randomly (stuck).
  4669 | D:4      | 4669 ||| Stepping randomly (stuck).
  4671 | D:4      | 4671 ||| Stepping randomly (stuck).
  4672 | D:4      | 4672 ||| Stepping randomly (stuck).
  4675 | D:4      | 4675 ||| Stepping randomly (stuck).
  4676 | D:4      | 4676 ||| Stepping randomly (stuck).
  4677 | D:4      | 4677 ||| Stepping randomly (stuck).
  4679 | D:4      | 4679 ||| Stepping randomly (stuck).
  4680 | D:4      | 4680 ||| Stepping randomly (stuck).
  4682 | D:4      | 4682 ||| Stepping randomly (stuck).
  4683 | D:4      | 4683 ||| Stepping randomly (stuck).
  4684 | D:4      | 4684 ||| Stepping randomly (stuck).
  4685 | D:4      | 4685 ||| Stepping randomly (stuck).
  4687 | D:4      | 4687 ||| Stepping randomly (stuck).
  4688 | D:4      | 4688 ||| Stepping randomly (stuck).
  4689 | D:4      | 4689 ||| Stepping randomly (stuck).
  4690 | D:4      | 4690 ||| Stepping randomly (stuck).
  4691 | D:4      | 4691 ||| Stepping randomly (stuck).
  4692 | D:4      | 4692 ||| Stepping randomly (stuck).
  4695 | D:4      | 4695 ||| Stepping randomly (stuck).
  4696 | D:4      | 4696 ||| Stepping randomly (stuck).
  4698 | D:4      | 4698 ||| Stepping randomly (stuck).
  4699 | D:4      | 4699 ||| Stepping randomly (stuck).
  4700 | D:4      | 4700 ||| Stepping randomly (stuck).
  4701 | D:4      | 4701 ||| Stepping randomly (stuck).
  4702 | D:4      | 4702 ||| Stepping randomly (stuck).
  4703 | D:4      | 4703 ||| Stepping randomly (stuck).
  4704 | D:4      | 4704 ||| Stepping randomly (stuck).
  4705 | D:4      | 4705 ||| Stepping randomly (stuck).
  4706 | D:4      | 4706 ||| Stepping randomly (stuck).
  4709 | D:4      | 4709 ||| Stepping randomly (stuck).
  4710 | D:4      | 4710 ||| Stepping randomly (stuck).
  4711 | D:4      | 4711 ||| Stepping randomly (stuck).
  4712 | D:4      | 4712 ||| Stepping randomly (stuck).
  4714 | D:4      | 4714 ||| Stepping randomly (stuck).
  4715 | D:4      | 4715 ||| Stepping randomly (stuck).
  4716 | D:4      | 4716 ||| Stepping randomly (stuck).
  4718 | D:4      | 4718 ||| Stepping randomly (stuck).
  4719 | D:4      | 4719 ||| Stepping randomly (stuck).
  4720 | D:4      | 4720 ||| Stepping randomly (stuck).
  4722 | D:4      | 4722 ||| Stepping randomly (stuck).
  4724 | D:4      | 4724 ||| Stepping randomly (stuck).
  4725 | D:4      | 4725 ||| Stepping randomly (stuck).
  4727 | D:4      | 4727 ||| Stepping randomly (stuck).
  4728 | D:4      | 4728 ||| Stepping randomly (stuck).
  4729 | D:4      | 4729 ||| Stepping randomly (stuck).
  4730 | D:4      | 4730 ||| Stepping randomly (stuck).
  4732 | D:4      | 4732 ||| Stepping randomly (stuck).
  4733 | D:4      | 4733 ||| Stepping randomly (stuck).
  4734 | D:4      | 4734 ||| Stepping randomly (stuck).
  4735 | D:4      | 4735 ||| Stepping randomly (stuck).
  4736 | D:4      | 4736 ||| Stepping randomly (stuck).
  4738 | D:4      | 4738 ||| Stepping randomly (stuck).
  4739 | D:4      | 4739 ||| Stepping randomly (stuck).
  4742 | D:4      | 4742 ||| Stepping randomly (stuck).
  4743 | D:4      | 4743 ||| Stepping randomly (stuck).
  4744 | D:4      | 4744 ||| Stepping randomly (stuck).
  4745 | D:4      | 4745 ||| Stepping randomly (stuck).
  4746 | D:4      | 4746 ||| Stepping randomly (stuck).
  4747 | D:4      | 4747 ||| Stepping randomly (stuck).
  4749 | D:4      | 4749 ||| Stepping randomly (stuck).
  4750 | D:4      | 4750 ||| Stepping randomly (stuck).
  4751 | D:4      | 4751 ||| Stepping randomly (stuck).
  4752 | D:4      | 4752 ||| Stepping randomly (stuck).
  4753 | D:4      | 4753 ||| Stepping randomly (stuck).
  4755 | D:4      | 4755 ||| Stepping randomly (stuck).
  4757 | D:4      | 4757 ||| Stepping randomly (stuck).
  4759 | D:4      | 4759 ||| Stepping randomly (stuck).
  4761 | D:4      | 4761 ||| Stepping randomly (stuck).
  4762 | D:4      | 4762 ||| Stepping randomly (stuck).
  4763 | D:4      | 4763 ||| Stepping randomly (stuck).
  4764 | D:4      | 4764 ||| Stepping randomly (stuck).
  4765 | D:4      | 4765 ||| Stepping randomly (stuck).
  4768 | D:4      | 4768 ||| Stepping randomly (stuck).
  4769 | D:4      | 4769 ||| Stepping randomly (stuck).
  4770 | D:4      | 4770 ||| Stepping randomly (stuck).
  4773 | D:4      | 4773 ||| Stepping randomly (stuck).
  4775 | D:4      | 4775 ||| Stepping randomly (stuck).
  4777 | D:4      | 4777 ||| Stepping randomly (stuck).
  4779 | D:4      | 4779 ||| Stepping randomly (stuck).
  4781 | D:4      | 4781 ||| Stepping randomly (stuck).
  4782 | D:4      | 4782 ||| Stepping randomly (stuck).
  4785 | D:4      | 4785 ||| Stepping randomly (stuck).
  4787 | D:4      | 4787 ||| Stepping randomly (stuck).
  4789 | D:4      | 4789 ||| Stepping randomly (stuck).
  4791 | D:4      | 4791 ||| Stepping randomly (stuck).
  4792 | D:4      | 4792 ||| Stepping randomly (stuck).
  4793 | D:4      | 4793 ||| Stepping randomly (stuck).
  4794 | D:4      | 4794 ||| Stepping randomly (stuck).
  4795 | D:4      | 4795 ||| Stepping randomly (stuck).
  4796 | D:4      | 4796 ||| Stepping randomly (stuck).
  4798 | D:4      | 4798 ||| Stepping randomly (stuck).
  4799 | D:4      | 4799 ||| Stepping randomly (stuck).
  4800 | D:4      | 4800 ||| Stepping randomly (stuck).
  4801 | D:4      | 4801 ||| Stepping randomly (stuck).
  4802 | D:4      | 4802 ||| Stepping randomly (stuck).
  4805 | D:4      | 4805 ||| Stepping randomly (stuck).
  4806 | D:4      | 4806 ||| Stepping randomly (stuck).
  4807 | D:4      | 4807 ||| Stepping randomly (stuck).
  4809 | D:4      | 4809 ||| Stepping randomly (stuck).
  4810 | D:4      | 4810 ||| Stepping randomly (stuck).
  4812 | D:4      | 4812 ||| Stepping randomly (stuck).
  4813 | D:4      | 4813 ||| Stepping randomly (stuck).
  4814 | D:4      | 4814 ||| Stepping randomly (stuck).
  4815 | D:4      | 4815 ||| Stepping randomly (stuck).
  4816 | D:4      | 4816 ||| Stepping randomly (stuck).
  4818 | D:4      | 4818 ||| Stepping randomly (stuck).
  4819 | D:4      | 4819 ||| Stepping randomly (stuck).
  4821 | D:4      | 4821 ||| Stepping randomly (stuck).
  4822 | D:4      | 4822 ||| Stepping randomly (stuck).
  4823 | D:4      | 4823 ||| Stepping randomly (stuck).
  4824 | D:4      | 4824 ||| Stepping randomly (stuck).
  4825 | D:4      | 4825 ||| Stepping randomly (stuck).
  4828 | D:4      | 4828 ||| Stepping randomly (stuck).
  4829 | D:4      | 4829 ||| Stepping randomly (stuck).
  4830 | D:4      | 4830 ||| Stepping randomly (stuck).
  4832 | D:4      | 4832 ||| Stepping randomly (stuck).
  4833 | D:4      | 4833 ||| Stepping randomly (stuck).
  4834 | D:4      | 4834 ||| Stepping randomly (stuck).
  4835 | D:4      | 4835 ||| Stepping randomly (stuck).
  4837 | D:4      | 4837 ||| Stepping randomly (stuck).
  4838 | D:4      | 4838 ||| Stepping randomly (stuck).
  4839 | D:4      | 4839 ||| Stepping randomly (stuck).
  4840 | D:4      | 4840 ||| Stepping randomly (stuck).
  4841 | D:4      | 4841 ||| Stepping randomly (stuck).
  4842 | D:4      | 4842 ||| Stepping randomly (stuck).
  4843 | D:4      | 4843 ||| Stepping randomly (stuck).
  4844 | D:4      | 4844 ||| Stepping randomly (stuck).
  4845 | D:4      | 4845 ||| Stepping randomly (stuck).
  4846 | D:4      | 4846 ||| Stepping randomly (stuck).
  4847 | D:4      | 4847 ||| Stepping randomly (stuck).
  4848 | D:4      | 4848 ||| Stepping randomly (stuck).
  4849 | D:4      | 4849 ||| Stepping randomly (stuck).
  4850 | D:4      | 4850 ||| Stepping randomly (stuck).
  4852 | D:4      | 4852 ||| Stepping randomly (stuck).
  4853 | D:4      | 4853 ||| Stepping randomly (stuck).
  4854 | D:4      | 4854 ||| Stepping randomly (stuck).
  4855 | D:4      | 4855 ||| Stepping randomly (stuck).
  4856 | D:4      | 4856 ||| Stepping randomly (stuck).
  4857 | D:4      | 4857 ||| Stepping randomly (stuck).
  4858 | D:4      | 4858 ||| Stepping randomly (stuck).
  4859 | D:4      | 4859 ||| Stepping randomly (stuck).
  4861 | D:4      | 4861 ||| Stepping randomly (stuck).
  4862 | D:4      | 4862 ||| Stepping randomly (stuck).
  4863 | D:4      | 4863 ||| Stepping randomly (stuck).
  4864 | D:4      | 4864 ||| Stepping randomly (stuck).
  4865 | D:4      | 4865 ||| Stepping randomly (stuck).
  4866 | D:4      | 4866 ||| Stepping randomly (stuck).
  4867 | D:4      | 4867 ||| Stepping randomly (stuck).
  4868 | D:4      | 4868 ||| Stepping randomly (stuck).
  4869 | D:4      | 4869 ||| Stepping randomly (stuck).
  4870 | D:4      | 4870 ||| Stepping randomly (stuck).
  4871 | D:4      | 4871 ||| Stepping randomly (stuck).
  4872 | D:4      | 4872 ||| Stepping randomly (stuck).
  4873 | D:4      | 4873 ||| Stepping randomly (stuck).
  4874 | D:4      | 4874 ||| Stepping randomly (stuck).
  4875 | D:4      | 4875 ||| Stepping randomly (stuck).
  4876 | D:4      | 4876 ||| Stepping randomly (stuck).
  4877 | D:4      | 4877 ||| Stepping randomly (stuck).
  4878 | D:4      | 4878 ||| Stepping randomly (stuck).
  4879 | D:4      | 4879 ||| Stepping randomly (stuck).
  4880 | D:4      | 4880 ||| Stepping randomly (stuck).
  4881 | D:4      | 4881 ||| Stepping randomly (stuck).
  4882 | D:4      | 4882 ||| Stepping randomly (stuck).
  4883 | D:4      | 4883 ||| Stepping randomly (stuck).
  4884 | D:4      | 4884 ||| Stepping randomly (stuck).
  4885 | D:4      | 4885 ||| Stepping randomly (stuck).
  4886 | D:4      | 4886 ||| Stepping randomly (stuck).
  4887 | D:4      | 4887 ||| Stepping randomly (stuck).
  4888 | D:4      | 4888 ||| Stepping randomly (stuck).
  4889 | D:4      | 4889 ||| Stepping randomly (stuck).
  4890 | D:4      | 4890 ||| Stepping randomly (stuck).
  4891 | D:4      | 4891 ||| Stepping randomly (stuck).
  4892 | D:4      | 4892 ||| Stepping randomly (stuck).
  4893 | D:4      | 4893 ||| Stepping randomly (stuck).
  4894 | D:4      | 4894 ||| Stepping randomly (stuck).
  4896 | D:4      | 4896 ||| Stepping randomly (stuck).
  4897 | D:4      | 4897 ||| Stepping randomly (stuck).
  4898 | D:4      | 4898 ||| Stepping randomly (stuck).
  4899 | D:4      | 4899 ||| Stepping randomly (stuck).
  4900 | D:4      | 4900 ||| Stepping randomly (stuck).
  4902 | D:4      | 4902 ||| Stepping randomly (stuck).
  4903 | D:4      | 4903 ||| Stepping randomly (stuck).
  4904 | D:4      | 4904 ||| Stepping randomly (stuck).
  4905 | D:4      | 4905 ||| Stepping randomly (stuck).
  4906 | D:4      | 4906 ||| Stepping randomly (stuck).
  4907 | D:4      | 4907 ||| Stepping randomly (stuck).
  4908 | D:4      | 4908 ||| Stepping randomly (stuck).
  4909 | D:4      | 4909 ||| Stepping randomly (stuck).
  4910 | D:4      | 4910 ||| Stepping randomly (stuck).
  4911 | D:4      | 4911 ||| Stepping randomly (stuck).
  4912 | D:4      | 4912 ||| Stepping randomly (stuck).
  4913 | D:4      | 4913 ||| Stepping randomly (stuck).
  4914 | D:4      | 4914 ||| Stepping randomly (stuck).
  4915 | D:4      | 4915 ||| Stepping randomly (stuck).
  4916 | D:4      | 4916 ||| Stepping randomly (stuck).
  4917 | D:4      | 4917 ||| Stepping randomly (stuck).
  4918 | D:4      | 4918 ||| Stepping randomly (stuck).
  4919 | D:4      | 4919 ||| Stepping randomly (stuck).
  4920 | D:4      | 4920 ||| Stepping randomly (stuck).
  4922 | D:4      | 4922 ||| Stepping randomly (stuck).
  4923 | D:4      | 4923 ||| Stepping randomly (stuck).
  4924 | D:4      | 4924 ||| Stepping randomly (stuck).
  4925 | D:4      | 4925 ||| Stepping randomly (stuck).
  4926 | D:4      | 4926 ||| Stepping randomly (stuck).
  4928 | D:4      | 4928 ||| Stepping randomly (stuck).
  4929 | D:4      | 4929 ||| Stepping randomly (stuck).
  4930 | D:4      | 4930 ||| Stepping randomly (stuck).
  4931 | D:4      | 4931 ||| Stepping randomly (stuck).
  4932 | D:4      | 4932 ||| Stepping randomly (stuck).
  4933 | D:4      | 4933 ||| Stepping randomly (stuck).
  4934 | D:4      | 4934 ||| Stepping randomly (stuck).
  4936 | D:4      | 4936 ||| Stepping randomly (stuck).
  4937 | D:4      | 4937 ||| Stepping randomly (stuck).
  4938 | D:4      | 4938 ||| Stepping randomly (stuck).
  4939 | D:4      | 4939 ||| Stepping randomly (stuck).
  4940 | D:4      | 4940 ||| Stepping randomly (stuck).
  4941 | D:4      | 4941 ||| Stepping randomly (stuck).
  4942 | D:4      | 4942 ||| Stepping randomly (stuck).
  4943 | D:4      | 4943 ||| Stepping randomly (stuck).
  4944 | D:4      | 4944 ||| Stepping randomly (stuck).
  4945 | D:4      | 4945 ||| Stepping randomly (stuck).
  4946 | D:4      | 4946 ||| Stepping randomly (stuck).
  4947 | D:4      | 4947 ||| Stepping randomly (stuck).
  4948 | D:4      | 4948 ||| Stepping randomly (stuck).
  4949 | D:4      | 4949 ||| Stepping randomly (stuck).
  4950 | D:4      | 4950 ||| Stepping randomly (stuck).
  4951 | D:4      | 4951 ||| Stepping randomly (stuck).
  4952 | D:4      | 4952 ||| Stepping randomly (stuck).
  4953 | D:4      | 4953 ||| Stepping randomly (stuck).
  4954 | D:4      | 4954 ||| Stepping randomly (stuck).
  4955 | D:4      | 4955 ||| Stepping randomly (stuck).
  4956 | D:4      | 4956 ||| Stepping randomly (stuck).
  4957 | D:4      | 4957 ||| Stepping randomly (stuck).
  4958 | D:4      | 4958 ||| Stepping randomly (stuck).
  4959 | D:4      | 4959 ||| Stepping randomly (stuck).
  4960 | D:4      | 4960 ||| Stepping randomly (stuck).
  4961 | D:4      | 4961 ||| Stepping randomly (stuck).
  4962 | D:4      | 4962 ||| Stepping randomly (stuck).
  4963 | D:4      | 4963 ||| Stepping randomly (stuck).
  4964 | D:4      | 4964 ||| Stepping randomly (stuck).
  4965 | D:4      | 4965 ||| Stepping randomly (stuck).
  4966 | D:4      | 4966 ||| Stepping randomly (stuck).
  4967 | D:4      | 4967 ||| Stepping randomly (stuck).
  4968 | D:4      | 4968 ||| Stepping randomly (stuck).
  4969 | D:4      | 4969 ||| Stepping randomly (stuck).
  4970 | D:4      | 4970 ||| Stepping randomly (stuck).
  4971 | D:4      | 4971 ||| Stepping randomly (stuck).
  4973 | D:4      | 4973 ||| Stepping randomly (stuck).
  4975 | D:4      | 4975 ||| Stepping randomly (stuck).
  4977 | D:4      | 4977 ||| Stepping randomly (stuck).
  4979 | D:4      | 4979 ||| Stepping randomly (stuck).
  4981 | D:4      | 4981 ||| Stepping randomly (stuck).
  4982 | D:4      | 4982 ||| Stepping randomly (stuck).
  4983 | D:4      | 4983 ||| Stepping randomly (stuck).
  4984 | D:4      | 4984 ||| Stepping randomly (stuck).
  4985 | D:4      | 4985 ||| Stepping randomly (stuck).
  4986 | D:4      | 4986 ||| Stepping randomly (stuck).
  4987 | D:4      | 4987 ||| Stepping randomly (stuck).
  4988 | D:4      | 4988 ||| Stepping randomly (stuck).
  4989 | D:4      | 4989 ||| Stepping randomly (stuck).
  4990 | D:4      | 4990 ||| Stepping randomly (stuck).
  4991 | D:4      | 4991 ||| Stepping randomly (stuck).
  4992 | D:4      | 4992 ||| Stepping randomly (stuck).
  4994 | D:4      | 4994 ||| Stepping randomly (stuck).
  4995 | D:4      | 4995 ||| Stepping randomly (stuck).
  4996 | D:4      | 4996 ||| Stepping randomly (stuck).
  4997 | D:4      | 4997 ||| Stepping randomly (stuck).
  4998 | D:4      | 4998 ||| Stepping randomly (stuck).
  4999 | D:4      | 4999 ||| Stepping randomly (stuck).
  5000 | D:4      | 5000 ||| Stepping randomly (stuck).
  5001 | D:4      | 5001 ||| Stepping randomly (stuck).
  5003 | D:4      | 5003 ||| Stepping randomly (stuck).
  5005 | D:4      | 5005 ||| Stepping randomly (stuck).
  5006 | D:4      | 5006 ||| Stepping randomly (stuck).
  5007 | D:4      | 5007 ||| Stepping randomly (stuck).
  5009 | D:4      | 5009 ||| Stepping randomly (stuck).
  5010 | D:4      | 5010 ||| Stepping randomly (stuck).
  5011 | D:4      | 5011 ||| Stepping randomly (stuck).
  5012 | D:4      | 5012 ||| Stepping randomly (stuck).
  5013 | D:4      | 5013 ||| Stepping randomly (stuck).
  5014 | D:4      | 5014 ||| Stepping randomly (stuck).
  5015 | D:4      | 5015 ||| Stepping randomly (stuck).
  5016 | D:4      | 5016 ||| Stepping randomly (stuck).
  5017 | D:4      | 5017 ||| Stepping randomly (stuck).
  5018 | D:4      | 5018 ||| Stepping randomly (stuck).
  5019 | D:4      | 5019 ||| Stepping randomly (stuck).
  5020 | D:4      | 5020 ||| Stepping randomly (stuck).
  5021 | D:4      | 5021 ||| Stepping randomly (stuck).
  5022 | D:4      | 5022 ||| Stepping randomly (stuck).
  5023 | D:4      | 5023 ||| Stepping randomly (stuck).
  5025 | D:4      | 5025 ||| Stepping randomly (stuck).
  5026 | D:4      | 5026 ||| Stepping randomly (stuck).
  5027 | D:4      | 5027 ||| Stepping randomly (stuck).
  5029 | D:4      | 5029 ||| Stepping randomly (stuck).
  5030 | D:4      | 5030 ||| Stepping randomly (stuck).
  5031 | D:4      | 5031 ||| Stepping randomly (stuck).
  5032 | D:4      | 5032 ||| Stepping randomly (stuck).
  5033 | D:4      | 5033 ||| Stepping randomly (stuck).
  5034 | D:4      | 5034 ||| Stepping randomly (stuck).
  5035 | D:4      | 5035 ||| Stepping randomly (stuck).
  5036 | D:4      | 5036 ||| Stepping randomly (stuck).
  5037 | D:4      | 5037 ||| Stepping randomly (stuck).
  5038 | D:4      | 5038 ||| Stepping randomly (stuck).
  5039 | D:4      | 5039 ||| Stepping randomly (stuck).
  5040 | D:4      | 5040 ||| Stepping randomly (stuck).
  5041 | D:4      | 5041 ||| Stepping randomly (stuck).
  5042 | D:4      | 5042 ||| Stepping randomly (stuck).
  5043 | D:4      | 5043 ||| Stepping randomly (stuck).
  5044 | D:4      | 5044 ||| Stepping randomly (stuck).
  5045 | D:4      | 5045 ||| Stepping randomly (stuck).
  5046 | D:4      | 5046 ||| Stepping randomly (stuck).
  5048 | D:4      | 5048 ||| Stepping randomly (stuck).
  5049 | D:4      | 5049 ||| Stepping randomly (stuck).
  5050 | D:4      | 5050 ||| Stepping randomly (stuck).
  5051 | D:4      | 5051 ||| Stepping randomly (stuck).
  5052 | D:4      | 5052 ||| Stepping randomly (stuck).
  5053 | D:4      | 5053 ||| Stepping randomly (stuck).
  5054 | D:4      | 5054 ||| Stepping randomly (stuck).
  5055 | D:4      | 5055 ||| Stepping randomly (stuck).
  5056 | D:4      | 5056 ||| Stepping randomly (stuck).
  5057 | D:4      | 5057 ||| Stepping randomly (stuck).
  5058 | D:4      | 5058 ||| Stepping randomly (stuck).
  5059 | D:4      | 5059 ||| Stepping randomly (stuck).
  5060 | D:4      | 5060 ||| Stepping randomly (stuck).
  5061 | D:4      | 5061 ||| Stepping randomly (stuck).
  5062 | D:4      | 5062 ||| Stepping randomly (stuck).
  5063 | D:4      | 5063 ||| Stepping randomly (stuck).
  5064 | D:4      | 5064 ||| Stepping randomly (stuck).
  5065 | D:4      | 5065 ||| Stepping randomly (stuck).
  5066 | D:4      | 5066 ||| Stepping randomly (stuck).
  5067 | D:4      | 5067 ||| Stepping randomly (stuck).
  5068 | D:4      | 5068 ||| Stepping randomly (stuck).
  5070 | D:4      | 5070 ||| Stepping randomly (stuck).
  5071 | D:4      | 5071 ||| Stepping randomly (stuck).
  5072 | D:4      | 5072 ||| Stepping randomly (stuck).
  5073 | D:4      | 5073 ||| Stepping randomly (stuck).
  5075 | D:4      | 5075 ||| Stepping randomly (stuck).
  5076 | D:4      | 5076 ||| Stepping randomly (stuck).
  5077 | D:4      | 5077 ||| Stepping randomly (stuck).
  5078 | D:4      | 5078 ||| Stepping randomly (stuck).
  5079 | D:4      | 5079 ||| Stepping randomly (stuck).
  5080 | D:4      | 5080 ||| Stepping randomly (stuck).
  5082 | D:4      | 5082 ||| Stepping randomly (stuck).
  5083 | D:4      | 5083 ||| Stepping randomly (stuck).
  5084 | D:4      | 5084 ||| Stepping randomly (stuck).
  5085 | D:4      | 5085 ||| Stepping randomly (stuck).
  5086 | D:4      | 5086 ||| Stepping randomly (stuck).
  5087 | D:4      | 5087 ||| Stepping randomly (stuck).
  5088 | D:4      | 5088 ||| Stepping randomly (stuck).
  5089 | D:4      | 5089 ||| Stepping randomly (stuck).
  5090 | D:4      | 5090 ||| Stepping randomly (stuck).
  5091 | D:4      | 5091 ||| Stepping randomly (stuck).
  5092 | D:4      | 5092 ||| Stepping randomly (stuck).
  5093 | D:4      | 5093 ||| Stepping randomly (stuck).
  5094 | D:4      | 5094 ||| Stepping randomly (stuck).
  5095 | D:4      | 5095 ||| Stepping randomly (stuck).
  5096 | D:4      | 5096 ||| Stepping randomly (stuck).
  5098 | D:4      | 5098 ||| Stepping randomly (stuck).
  5099 | D:4      | 5099 ||| Stepping randomly (stuck).
  5100 | D:4      | 5100 ||| Stepping randomly (stuck).
  5101 | D:4      | 5101 ||| Stepping randomly (stuck).
  5102 | D:4      | 5102 ||| Stepping randomly (stuck).
  5103 | D:4      | 5103 ||| Stepping randomly (stuck).
  5105 | D:4      | 5105 ||| Stepping randomly (stuck).
  5107 | D:4      | 5107 ||| Stepping randomly (stuck).
  5108 | D:4      | 5108 ||| Stepping randomly (stuck).
  5109 | D:4      | 5109 ||| Stepping randomly (stuck).
  5110 | D:4      | 5110 ||| Stepping randomly (stuck).
  5112 | D:4      | 5112 ||| Stepping randomly (stuck).
  5113 | D:4      | 5113 ||| Stepping randomly (stuck).
  5114 | D:4      | 5114 ||| Stepping randomly (stuck).
  5115 | D:4      | 5115 ||| Stepping randomly (stuck).
  5116 | D:4      | 5116 ||| Stepping randomly (stuck).
  5117 | D:4      | 5117 ||| Stepping randomly (stuck).
  5119 | D:4      | 5119 ||| Stepping randomly (stuck).
  5120 | D:4      | 5120 ||| Stepping randomly (stuck).
  5121 | D:4      | 5121 ||| Stepping randomly (stuck).
  5122 | D:4      | 5122 ||| Stepping randomly (stuck).
  5123 | D:4      | 5123 ||| Stepping randomly (stuck).
  5124 | D:4      | 5124 ||| Stepping randomly (stuck).
  5125 | D:4      | 5125 ||| Stepping randomly (stuck).
  5126 | D:4      | 5126 ||| Stepping randomly (stuck).
  5127 | D:4      | 5127 ||| Stepping randomly (stuck).
  5129 | D:4      | 5129 ||| Stepping randomly (stuck).
  5130 | D:4      | 5130 ||| Stepping randomly (stuck).
  5131 | D:4      | 5131 ||| Stepping randomly (stuck).
  5132 | D:4      | 5132 ||| Stepping randomly (stuck).
  5133 | D:4      | 5133 ||| Stepping randomly (stuck).
  5134 | D:4      | 5134 ||| Stepping randomly (stuck).
  5135 | D:4      | 5135 ||| Stepping randomly (stuck).
  5136 | D:4      | 5136 ||| Stepping randomly (stuck).
  5137 | D:4      | 5137 ||| Stepping randomly (stuck).
  5138 | D:4      | 5138 ||| Stepping randomly (stuck).
  5139 | D:4      | 5139 ||| Stepping randomly (stuck).
  5140 | D:4      | 5140 ||| Stepping randomly (stuck).
  5141 | D:4      | 5141 ||| Stepping randomly (stuck).
  5142 | D:4      | 5142 ||| Stepping randomly (stuck).
  5143 | D:4      | 5143 ||| Stepping randomly (stuck).
  5144 | D:4      | 5144 ||| Stepping randomly (stuck).
  5145 | D:4      | 5145 ||| Stepping randomly (stuck).
  5146 | D:4      | 5146 ||| Stepping randomly (stuck).
  5147 | D:4      | 5147 ||| Stepping randomly (stuck).
  5148 | D:4      | 5148 ||| Stepping randomly (stuck).
  5149 | D:4      | 5149 ||| Stepping randomly (stuck).
  5150 | D:4      | 5150 ||| Stepping randomly (stuck).
  5151 | D:4      | 5151 ||| Stepping randomly (stuck).
  5152 | D:4      | 5152 ||| Stepping randomly (stuck).
  5153 | D:4      | 5153 ||| Stepping randomly (stuck).
  5154 | D:4      | 5154 ||| Stepping randomly (stuck).
  5155 | D:4      | 5155 ||| Stepping randomly (stuck).
  5156 | D:4      | 5156 ||| Stepping randomly (stuck).
  5157 | D:4      | 5157 ||| Stepping randomly (stuck).
  5158 | D:4      | 5158 ||| Stepping randomly (stuck).
  5159 | D:4      | 5159 ||| Stepping randomly (stuck).
  5160 | D:4      | 5160 ||| Stepping randomly (stuck).
  5161 | D:4      | 5161 ||| Stepping randomly (stuck).
  5162 | D:4      | 5162 ||| Stepping randomly (stuck).
  5163 | D:4      | 5163 ||| Stepping randomly (stuck).
  5164 | D:4      | 5164 ||| Stepping randomly (stuck).
  5165 | D:4      | 5165 ||| Stepping randomly (stuck).
  5167 | D:4      | 5167 ||| Stepping randomly (stuck).
  5168 | D:4      | 5168 ||| Stepping randomly (stuck).
  5169 | D:4      | 5169 ||| Stepping randomly (stuck).
  5170 | D:4      | 5170 ||| Stepping randomly (stuck).
  5171 | D:4      | 5171 ||| Stepping randomly (stuck).
  5172 | D:4      | 5172 ||| Stepping randomly (stuck).
  5173 | D:4      | 5173 ||| Stepping randomly (stuck).
  5174 | D:4      | 5174 ||| Stepping randomly (stuck).
  5176 | D:4      | 5176 ||| Stepping randomly (stuck).
  5177 | D:4      | 5177 ||| Stepping randomly (stuck).
  5178 | D:4      | 5178 ||| Stepping randomly (stuck).
  5179 | D:4      | 5179 ||| Stepping randomly (stuck).
  5180 | D:4      | 5180 ||| Stepping randomly (stuck).
  5181 | D:4      | 5181 ||| Stepping randomly (stuck).
  5182 | D:4      | 5182 ||| Stepping randomly (stuck).
  5183 | D:4      | 5183 ||| Stepping randomly (stuck).
  5184 | D:4      | 5184 ||| Stepping randomly (stuck).
  5186 | D:4      | 5186 ||| Stepping randomly (stuck).
  5187 | D:4      | 5187 ||| Stepping randomly (stuck).
  5188 | D:4      | 5188 ||| Stepping randomly (stuck).
  5189 | D:4      | 5189 ||| Stepping randomly (stuck).
  5190 | D:4      | 5190 ||| Stepping randomly (stuck).
  5191 | D:4      | 5191 ||| Stepping randomly (stuck).
  5192 | D:4      | 5192 ||| Stepping randomly (stuck).
  5193 | D:4      | 5193 ||| Stepping randomly (stuck).
  5194 | D:4      | 5194 ||| Stepping randomly (stuck).
  5195 | D:4      | 5195 ||| Stepping randomly (stuck).
  5196 | D:4      | 5196 ||| Stepping randomly (stuck).
  5197 | D:4      | 5197 ||| Stepping randomly (stuck).
  5198 | D:4      | 5198 ||| Stepping randomly (stuck).
  5199 | D:4      | 5199 ||| Stepping randomly (stuck).
  5200 | D:4      | 5200 ||| Stepping randomly (stuck).
  5201 | D:4      | 5201 ||| Stepping randomly (stuck).
  5202 | D:4      | 5202 ||| Stepping randomly (stuck).
  5203 | D:4      | 5203 ||| Stepping randomly (stuck).
  5205 | D:4      | 5205 ||| Stepping randomly (stuck).
  5206 | D:4      | 5206 ||| Stepping randomly (stuck).
  5208 | D:4      | 5208 ||| Stepping randomly (stuck).
  5209 | D:4      | 5209 ||| Stepping randomly (stuck).
  5211 | D:4      | 5211 ||| Stepping randomly (stuck).
  5213 | D:4      | 5213 ||| Stepping randomly (stuck).
  5214 | D:4      | 5214 ||| Stepping randomly (stuck).
  5215 | D:4      | 5215 ||| Stepping randomly (stuck).
  5216 | D:4      | 5216 ||| Stepping randomly (stuck).
  5217 | D:4      | 5217 ||| Stepping randomly (stuck).
  5218 | D:4      | 5218 ||| Stepping randomly (stuck).
  5219 | D:4      | 5219 ||| Stepping randomly (stuck).
  5220 | D:4      | 5220 ||| Stepping randomly (stuck).
  5221 | D:4      | 5221 ||| Stepping randomly (stuck).
  5222 | D:4      | 5222 ||| Stepping randomly (stuck).
  5223 | D:4      | 5223 ||| Stepping randomly (stuck).
  5224 | D:4      | 5224 ||| Stepping randomly (stuck).
  5225 | D:4      | 5225 ||| Stepping randomly (stuck).
  5226 | D:4      | 5226 ||| Stepping randomly (stuck).
  5227 | D:4      | 5227 ||| Stepping randomly (stuck).
  5228 | D:4      | 5228 ||| Stepping randomly (stuck).
  5229 | D:4      | 5229 ||| Stepping randomly (stuck).
  5230 | D:4      | 5230 ||| Stepping randomly (stuck).
  5231 | D:4      | 5231 ||| Stepping randomly (stuck).
  5232 | D:4      | 5232 ||| Stepping randomly (stuck).
  5233 | D:4      | 5233 ||| Stepping randomly (stuck).
  5234 | D:4      | 5234 ||| Stepping randomly (stuck).
  5235 | D:4      | 5235 ||| Stepping randomly (stuck).
  5236 | D:4      | 5236 ||| Stepping randomly (stuck).
  5237 | D:4      | 5237 ||| Stepping randomly (stuck).
  5238 | D:4      | 5238 ||| Stepping randomly (stuck).
  5239 | D:4      | 5239 ||| Stepping randomly (stuck).
  5240 | D:4      | 5240 ||| Stepping randomly (stuck).
  5241 | D:4      | 5241 ||| Stepping randomly (stuck).
  5242 | D:4      | 5242 ||| Stepping randomly (stuck).
  5243 | D:4      | 5243 ||| Stepping randomly (stuck).
  5244 | D:4      | 5244 ||| Stepping randomly (stuck).
  5245 | D:4      | 5245 ||| Stepping randomly (stuck).
  5246 | D:4      | 5246 ||| Stepping randomly (stuck).
  5247 | D:4      | 5247 ||| Stepping randomly (stuck).
  5248 | D:4      | 5248 ||| Stepping randomly (stuck).
  5249 | D:4      | 5249 ||| Stepping randomly (stuck).
  5250 | D:4      | 5250 ||| Stepping randomly (stuck).
  5251 | D:4      | 5251 ||| Stepping randomly (stuck).
  5252 | D:4      | 5252 ||| Stepping randomly (stuck).
  5253 | D:4      | 5253 ||| Stepping randomly (stuck).
  5254 | D:4      | 5254 ||| Stepping randomly (stuck).
  5255 | D:4      | 5255 ||| Stepping randomly (stuck).
  5256 | D:4      | 5256 ||| Stepping randomly (stuck).
  5257 | D:4      | 5257 ||| Stepping randomly (stuck).
  5258 | D:4      | 5258 ||| Stepping randomly (stuck).
  5259 | D:4      | 5259 ||| Stepping randomly (stuck).
  5260 | D:4      | 5260 ||| Stepping randomly (stuck).
  5261 | D:4      | 5261 ||| Stepping randomly (stuck).
  5262 | D:4      | 5262 ||| Stepping randomly (stuck).
  5263 | D:4      | 5263 ||| Stepping randomly (stuck).
  5264 | D:4      | 5264 ||| Stepping randomly (stuck).
  5265 | D:4      | 5265 ||| Stepping randomly (stuck).
  5266 | D:4      | 5266 ||| Stepping randomly (stuck).
  5267 | D:4      | 5267 ||| Stepping randomly (stuck).
  5268 | D:4      | 5268 ||| Stepping randomly (stuck).
  5269 | D:4      | 5269 ||| Stepping randomly (stuck).
  5270 | D:4      | 5270 ||| Stepping randomly (stuck).
  5271 | D:4      | 5271 ||| Stepping randomly (stuck).
  5272 | D:4      | 5272 ||| Stepping randomly (stuck).
  5273 | D:4      | 5273 ||| Stepping randomly (stuck).
  5274 | D:4      | 5274 ||| Stepping randomly (stuck).
  5275 | D:4      | 5275 ||| Stepping randomly (stuck).
  5276 | D:4      | 5276 ||| Stepping randomly (stuck).
  5277 | D:4      | 5277 ||| Stepping randomly (stuck).
  5278 | D:4      | 5278 ||| Stepping randomly (stuck).
  5279 | D:4      | 5279 ||| Stepping randomly (stuck).
  5280 | D:4      | 5280 ||| Stepping randomly (stuck).
  5281 | D:4      | 5281 ||| Stepping randomly (stuck).
  5282 | D:4      | 5282 ||| Stepping randomly (stuck).
  5283 | D:4      | 5283 ||| Stepping randomly (stuck).
  5284 | D:4      | 5284 ||| Stepping randomly (stuck).
  5285 | D:4      | 5285 ||| Stepping randomly (stuck).
  5286 | D:4      | 5286 ||| Stepping randomly (stuck).
  5287 | D:4      | 5287 ||| Stepping randomly (stuck).
  5288 | D:4      | 5288 ||| Stepping randomly (stuck).
  5289 | D:4      | 5289 ||| Stepping randomly (stuck).
  5290 | D:4      | 5290 ||| Stepping randomly (stuck).
  5291 | D:4      | 5291 ||| Stepping randomly (stuck).
  5292 | D:4      | 5292 ||| Stepping randomly (stuck).
  5293 | D:4      | 5293 ||| Stepping randomly (stuck).
  5294 | D:4      | 5294 ||| Stepping randomly (stuck).
  5295 | D:4      | 5295 ||| Stepping randomly (stuck).
  5296 | D:4      | 5296 ||| Stepping randomly (stuck).
  5297 | D:4      | 5297 ||| Stepping randomly (stuck).
  5298 | D:4      | 5298 ||| Stepping randomly (stuck).
  5299 | D:4      | 5299 ||| Stepping randomly (stuck).
  5300 | D:4      | 5300 ||| Stepping randomly (stuck).
  5301 | D:4      | 5301 ||| Stepping randomly (stuck).
  5302 | D:4      | 5302 ||| Stepping randomly (stuck).
  5303 | D:4      | 5303 ||| Stepping randomly (stuck).
  5304 | D:4      | 5304 ||| Stepping randomly (stuck).
  5305 | D:4      | 5305 ||| Stepping randomly (stuck).
  5306 | D:4      | 5306 ||| Stepping randomly (stuck).
  5307 | D:4      | 5307 ||| Stepping randomly (stuck).
  5308 | D:4      | 5308 ||| Stepping randomly (stuck).
  5309 | D:4      | 5309 ||| Stepping randomly (stuck).
  5310 | D:4      | 5310 ||| Stepping randomly (stuck).
  5311 | D:4      | 5311 ||| Stepping randomly (stuck).
  5312 | D:4      | 5312 ||| Stepping randomly (stuck).
  5313 | D:4      | 5313 ||| Stepping randomly (stuck).
  5314 | D:4      | 5314 ||| Stepping randomly (stuck).
  5315 | D:4      | 5315 ||| Stepping randomly (stuck).
  5316 | D:4      | 5316 ||| Stepping randomly (stuck).
  5317 | D:4      | 5317 ||| Stepping randomly (stuck).
  5318 | D:4      | 5318 ||| Stepping randomly (stuck).
  5319 | D:4      | 5319 ||| Stepping randomly (stuck).
  5320 | D:4      | 5320 ||| Stepping randomly (stuck).
  5321 | D:4      | Quit the game

Levels and vault maps discovered:
D:1:      dpeg_arrival_caged_fury, layout_loops_corners,
          shapermc_ecumenical_altar_mp_vishouse
D:2:      layout_loops_corners, chequers_serial_rivers_marsh,
          serial_bayou_pond_e, minmay_crystal_water
D:4:      layout_basic, tso_metal_star, jmf_multi_god_temple,
          brannock_xom_greatest_gift, marbit_many_paths, zin_purify,
          portal_sewer_entry_e, uniq_blork_the_orc

Skill      XL: |  1  2  3  4 |
---------------+-------------+-----
Axes           | 3 4 5 |  5.0
Fighting       | 4 |  4.3
Armour         | |  2.1
Dodging        | |  1.5

Action                   |  1- 3 |  4- 6 || total
-------------------------+-------+-------++-------
Melee: Hand axe          |   143 |    38 ||   181
       Kick              |       |     3 ||     3
Invok: Berserk           |     1 |     3 ||     4
  Use: Scroll            |     1 |     3 ||     4
       Potion            |       |     3 ||     3
 Stab: Sleeping          |     1 |       ||     1
Armor: Animal skin       |    65 |       ||    65
       Ring mail         |       |     5 ||     5
Dodge: Dodged            |    95 |    15 ||   110
Block: Other             |       |     2 ||     2
       Reflection        |       |     2 ||     2

Table legend:
 A = Non-vault XP
 B = Vault XP
 C = Vault XP percentage of total XP
 D = Non-vault monster count
 E = Vault monster count
 F = Vault count percentage of total count
                 A         B        C        D         E       F
            +---------+---------+-------+---------+---------+-------
      Total |      96 |     156 |  61.9 |      39 |      11 |  22.0
            +---------+---------+-------+---------+---------+-------
        D:1 |      23 |       0 |   0.0 |      13 |       0 |   0.0
        D:2 |      71 |       0 |   0.0 |      25 |       0 |   0.0
        D:4 |       2 |      91 |  97.8 |       1 |       2 |  66.7
      Sewer |       0 |      65 | 100.0 |       0 |       9 | 100.0
            +---------+---------+-------+---------+---------+-------
